 Dungeon Crawl Stone Soup version 0.16.1-30-g34a7ffa (webtiles) character file.

50045 Jb9000 the Covert (level 14, -4/86 HPs)
             Began as a Gargoyle Fighter on June 29, 2015.
             Was an Initiate of Gozag.
             Killed from afar by Roxanne (28 damage)
             ... with an iron shot
             ... on level 14 of the Dungeon.
             The game lasted 02:51:10 (21987 turns).

Jb9000 the Covert (Gargoyle Fighter)               Turns: 21987, Time: 02:51:11

Health: -4/86      AC: 35    Str: 20    XL:     14   Next: 53%
Magic:  0/29       EV: 10    Int: 12    God:    Gozag
Gold:   1175       SH:  0    Dex: 10    Spells: 3 memorised, 22 levels left

rFire  + + +     SeeInvis .     c - +10 morningstar "Lorem Ipsum" {holy, MR++}
rCold  + . .     Clarity  .     f - +0 storm dragon armour "Schoonag" {rElec rF+ Str-4 Slay+2}
rNeg   + + .     SustAb   .     (no shield)
rPois  ∞         Gourm    .     u - +1 hat
rElec  +         Spirit   +     o - +1 cloak
rCorr  +         Warding  .     v - +0 pair of gloves {Str+3}
rMut   .         Stasis   .     e - +2 pair of boots {Stlth+}
MR     +++..                    r - amulet of guardian spirit
Stlth  +++.......               T - +3 ring of protection
                                R - ring of Ereefeny {+Inv +Fly rF+ rN+}

@: about to teleport, resistant, very slightly contaminated, extremely resistant
to hostile enchantments, fairly stealthy
A: able to fly continuously, big wings, fire resistance 1, negative energy
resistance 1, electricity resistance, unbreathing, petrification resistance, rot
immunity, AC +9
a: Fly, Potion Petition, Call Merchant, Bribe Branch, Renounce Religion, Evoke
Invisibility, Evoke Flight


You were on level 14 of the Dungeon.
You worshipped Gozag.
Gozag was noncommittal.
You were not hungry.

You visited 4 branches of the dungeon, and saw 20 of its levels.
You visited the Abyss 1 time.
You also visited: Labyrinth.

You collected 5189 gold pieces.
You spent 1185 gold pieces at shops.
You paid 2829 gold pieces to Gozag.

Inventory:

Hand weapons
 b - a +3 longbow of flaming
 c - the +10 morningstar "Lorem Ipsum" (weapon) {holy, MR++}
   (You bought it in a shop on level 14 of the Dungeon)

   It has been blessed by the Shining One to cause great damage to the undead
   and demons.
   It affects your resistance to hostile enchantments.
 k - the -1 battleaxe of Nightmares {venom, rC+ Int+2}
   (You found it in a labyrinth)

   It poisons the flesh of those it strikes.
   It affects your intelligence (+2).
   It protects you from cold.
Missiles
 l - 96 arrows
Armour
 e - a +2 pair of boots of stealth (worn)
 f - the +0 storm dragon armour "Schoonag" (worn) {rElec rF+ Str-4 Slay+2}
   (You took it off an orc warrior on level 8 of the Dungeon)

   It affects your strength (-4).
   It affects your accuracy and damage with ranged weapons and melee attacks
   (+2).
   It protects you from fire.
   It insulates you from electricity.
 o - a +1 cloak (worn)
 u - a +1 hat (worn)
 v - a +0 pair of gloves of strength (worn)
 w - a +0 pair of gloves of dexterity
Jewellery
 r - an amulet of guardian spirit (around neck)
 t - an uncursed amulet of rage
 C - an uncursed ring of sustain abilities
 L - the ring "Memimok" {+/*Tele MR++ Str-4}
   (You found it in a labyrinth)

   [ring of teleportation]

   It causes random teleportation, and can be evoked to teleport at will.
   It affects your strength (-4).
   It affects your resistance to hostile enchantments.
 R - the ring of Ereefeny (left hand) {+Inv +Fly rF+ rN+}
   (You found it on level 13 of the Dungeon)

   [ring of protection from fire]

   It protects you from fire.
   It protects you from negative energy.
   It lets you turn invisible.
   It lets you fly.
 T - a +3 ring of protection (right hand)
Magical devices
 q - a wand of frost (21)
 s - a wand of fireball (9)
 I - a wand of fire (8)
 K - a wand of teleportation (5)
 O - a wand of cold (0)
 V - a wand of cold (3)
 X - a wand of draining (5)
 Z - a wand of frost (13)
Scrolls
 g - 8 scrolls of identify
 i - 9 scrolls of teleportation
 x - 3 scrolls of immolation
 z - 3 scrolls of remove curse
 B - a scroll of fear
 M - 3 scrolls of amnesia
Potions
 j - 6 potions of magic
 m - 4 potions of cancellation
 E - 3 potions of restore abilities
Books
 a - an Akashic Record {highlevel, unknown}

   This book is beyond your current level of understanding.

   Spells                             Type                      Level
   a - Dispersal                      Translocation                6
   b - Controlled Blink               Translocation                7
   c - Malign Gateway                 Summoning/Translocation      7
   d - Disjunction                    Translocation                8
   e - Singularity                    Translocation                9
 D - a book of Flames

   Spells                             Type                      Level
   a - Flame Tongue                   Conjuration/Fire             1
   b - Throw Flame                    Conjuration/Fire             2
   c - Conjure Flame                  Conjuration/Fire             3
   d - Inner Flame                    Hexes/Fire                   3
   e - Sticky Flame                   Conjuration/Fire             4
   f - Fireball                       Conjuration/Fire             5
 F - a book of Power

   Spells                             Type                      Level
   a - Fulminant Prism                Conjuration/Hexes            4
   b - Iskenderun's Mystic Blast      Conjuration                  4
   c - Venom Bolt                     Conjuration/Poison           5
   d - Bolt of Magma                  Conjuration/Fire/Earth       5
   e - Iron Shot                      Conjuration/Earth            6
   f - Orb of Destruction             Conjuration                  7
   g - Spellforged Servitor           Conjuration/Summoning        7
 H - a Fen Folio

   Spells                             Type                      Level
   a - Corpse Rot                     Necromancy                   2
   b - Stone Arrow                    Conjuration/Earth            3
   c - Leda's Liquefaction            Hexes/Earth                  4
   d - Summon Forest                  Summoning/Translocation      5
   e - Hydra Form                     Transmutation                6
   f - Summon Hydra                   Summoning                    7
 U - a book of Callings

   Spells                             Type                      Level
   a - Summon Small Mammal            Summoning                    1
   b - Call Imp                       Summoning                    2
   c - Call Canine Familiar           Summoning                    3
   d - Summon Guardian Golem          Hexes/Summoning              4
   e - Summon Lightning Spire         Summoning/Air                4
   f - Summon Ice Beast               Ice/Summoning                4
 W - a book of Annihilations {highlevel}

   This book is beyond your current level of understanding.

   Spells                             Type                      Level
   a - Poison Arrow                   Conjuration/Poison           6
   b - Chain Lightning                Conjuration/Air              8
   c - Lehudib's Crystal Spear        Conjuration/Earth            8
   d - Glaciate                       Conjuration/Ice              9
   e - Fire Storm                     Conjuration/Fire             9
 Y - the Incunabulum of the Jolly Suns
   (You found it in a labyrinth)

   Spells                             Type                      Level
   a - Call Imp                       Summoning                    2
   b - Recall                         Summoning/Translocation      3
   c - Summon Ice Beast               Ice/Summoning                4
   d - Summon Lightning Spire         Summoning/Air                4
Miscellaneous
 y - a sack of spiders
 G - a lamp of fire (inert)
 J - a plain deck of summoning {drawn: 1}
 P - a phial of floods
 Q - a disc of storms
 S - a phantom mirror
Comestibles
 d - 9 bread rations
 h - 9 meat rations


   Skills:
 + Level 9.5 Fighting
   Level 1.7 Short Blades
 + Level 3.6(5.4) Axes
 - Level 6.6(7.2) Maces & Flails
 + Level 4.4 Bows
 - Level 6.0 Throwing
 + Level 9.6 Armour
 + Level 6.4 Dodging
 + Level 12.1 Stealth
   Level 8.4 Shields
 + Level 7.2 Spellcasting
 + Level 4.4 Conjurations
 + Level 4.1 Summonings
 + Level 3.7 Fire Magic
 + Level 7.3 Evocations


You had 22 spell levels left.
You knew the following spells:

 Your Spells              Type           Power        Failure   Level  Hunger
a - Call Imp              Summ           ##......     38%         2    #......
b - Flame Tongue          Conj/Fire      ##...        24%         1    None
c - Throw Flame           Conj/Fire      ##....       38%         2    #......


Dungeon Overview and Level Annotations

Branches:
Dungeon (14/15)            Temple (1/1) D:7            Lair (4/8) D:9
  Swamp (1/5) Lair:4          Orc (0/4) D:9          Vaults (0/5) D:14
  Snake: Lair:3-6    Spider: Lair:3-6

Altars:
Ashenzari
Cheibriados
Dithmenos
Elyvilon
Fedhas
Gozag
Kikubaaqudgha
Makhleb
Nemelex Xobeh
Okawaru
Qazlal
Ru
Sif Muna
Trog
Vehumet
Xom
Yredelemnul
Zin
The Shining One

Shops:
D:10 %}   D:11 [   D:13 :   D:14 [(:(

Annotations:
D:14 exclusion: Roxanne, Roxanne
Lair:1 Erica


Innate Abilities, Weirdness & Mutations

You are resistant to torment.
You are immune to poison.
You can fly continuously.
Your stone body is very resilient (AC +9).
Your wings are large and strong.
You resist negative energy.
You are resistant to electric shocks.
You can survive without breathing.
You are immune to petrification.
You are immune to rotting.
Your flesh is heat resistant.


Message History

You hear the loud creaking of a very distant portcullis.
Roxanne mumbles some strange words.
The orb of energy hits you!
* * * LOW HITPOINT WARNING * * *
The orb of energy explodes!
Drink which item? (? for menu, Esc to quit)
You feel better.
Read which item? (? for menu, Esc to quit)
As you read the scroll of teleportation, it crumbles to dust.
You feel strangely unstable.
Read which item? (? for menu, Esc to quit)
As you read the scroll of immolation, it crumbles to dust.
The air around you briefly surges with heat, but it dissipates.
You completely miss Roxanne.
Roxanne is severely damaged.
You flicker back into view.
Roxanne mumbles some strange words.
The iron shot hits you!
You die...
Your body crumbles into a pile of gold.

#..######
####'#########
#........?...#
#............#
#............#
#....!.......#
+............#
#............#
#...!.......@#
#######'##.8.#
#......#
###....#
#.#.## #####
#+##### #...#
#.# #### #...#
#<#
...####...#
#.#


You could see Roxanne.

Vanquished Creatures
  A minotaur (Lab)
  4 vault guards (D:14)
  Harold (D:13)
  3 hydras
  2 centaur warriors
  A death yak (D:9)
  A death knight (Abyss:1)
  A skeletal warrior (D:14)
  Erolcha (D:11)
  2 unseen horrors
  2 hill giants
  Pikel (D:4)
  A giant orange brain (Abyss:1)
  3 cyclopes
  2 griffons (D:13)
  2 ugly things
  Maurice (D:10)
  5 spiny frogs
  A centaur zombie (D:12)
  A torpor snail (Lair:3)
  7 black mambas
  A gargoyle (D:13)
  A fire drake (Lair:3)
  10 komodo dragons
  An ancient zyme (Abyss:1)
  Sonja (D:11)
  8 slime creatures
  Grinder (D:6)
  A merfolk (D:8)
  4 trolls
  7 two-headed ogres
  A trapdoor spider zombie (D:14)
  3 blink frogs (Lair:4)
  2 basilisks
  A shadow (D:13)
  A wyvern (Lair:2)
  40 yaks
  6 hippogriffs
  2 deep elf magi
  A hungry ghost (D:11)
  2 wraiths
  A steam dragon (D:12)
  A hog (D:7)
  A wolf (Lair:3)
  A human (D:7)
  Edmund (D:4)
  A mottled dragon (D:12)
  5 water moccasins
  4 orc warriors
  2 sky beasts
  A soldier ant (D:14)
  11 black bears
  7 ice beasts
  11 porcupines
  3 wasps
  3 phantoms
  2 eyes of draining
  A necrophage (D:8)
  6 ogres
  2 big kobolds (D:8)
  3 crocodiles
  6 centaurs
  Blork the orc (D:5)
  A gnoll sergeant (D:8)
  2 wyvern zombies
  19 giant frogs
  4 scorpions
  4 jellies
  13 killer bees
  8 wights
  7 electric eels
  11 hounds
  10 orc priests
  A giant frog zombie (D:8)
  5 centaur skeletons
  5 crimson imps
  9 iguanas
  15 orc wizards
  2 giant frog skeletons
  7 worker ants
  A gnoll shaman (D:8)
  Natasha (twice) (D:5)
  27 sheep
  A killer bee zombie (D:5)
  A tengu zombie (Abyss:1)
  Ijyb (D:6)
  Jessica (D:2)
  A hound skeleton (D:5)
  Robin (D:2)
  2 worker ant zombies
  31 river rats
  22 adders
  3 gnolls (D:3)
  3 worms
  4 shadow imps
  An ooze (D:3)
  68 orcs
  A bat skeleton (D:5)
  A bat zombie (D:8)
  4 giant cockroaches
  18 goblins
  26 hobgoblins
  10 jackals
  18 kobolds
  9 quokkas
  16 bats
  4 giant geckos
  5 giant newts
  A giant spore (D:6)
  13 rats
  2 ballistomycetes
  3 fungi
  13 plants
648 creatures vanquished.

Vanquished Creatures (collateral kills)
  A hound skeleton (D:9)
  A rat (D:9)
2 creatures vanquished.

Vanquished Creatures (others)
  Eustachio (D:4)
  Menkaure (D:6)
  A slave (D:4)
  A wight (D:6)
  2 orc wizards
  A giant mite (D:4)
  A quokka (D:4)
  A bat (D:4)
  A giant spore (D:8)
  A kobold (D:4)
  2 rats (D:4)
  A fungus (Lair:2)
  A plant (Lair:2)
15 creatures vanquished.

Grand Total: 665 creatures vanquished

Notes
Turn   | Place    | Note
--------------------------------------------------------------
     0 | D:1      | Jb9000, the Gargoyle Fighter, began the quest for the Orb.
     0 | D:1      | Reached XP level 1. HP: 14/14 MP: 1/1
   164 | D:1      | Reached XP level 2. HP: 19/19 MP: 2/2
   438 | D:1      | Found a glowing golden altar of the Shining One.
   559 | D:2      | Reached skill level 1 in Stealth
   559 | D:2      | Reached XP level 3. HP: 23/23 MP: 3/3
   744 | D:2      | Reached XP level 4. HP: 28/28 MP: 4/4
   774 | D:2      | Found a glowing golden altar of the Shining One.
   991 | D:2      | Noticed Robin
  1018 | D:2      | Reached skill level 1 in Dodging
  1031 | D:2      | HP: 1/29 [goblin/club[Robin] (2)]
  1161 | D:1      | Reached XP level 5. HP: 3/33 MP: 5/5
  1564 | D:2      | Noticed Jessica
  1572 | D:2      | Killed Jessica
  1722 | D:2      | Killed Robin
  1727 | D:2      | Got a dazzling helmet
  1738 | D:2      | Identified the +2 helmet of Liberty {-Cast Str+4 Int+8} (You took it off Robin on level 2 of the Dungeon)
  1783 | D:3      | Reached skill level 4 in Fighting
  1927 | D:3      | Found a deep blue altar of Sif Muna.
  2211 | D:3      | Reached skill level 1 in Short Blades
  2211 | D:3      | Reached skill level 1 in Throwing
  2211 | D:3      | Reached skill level 1 in Spellcasting
  2211 | D:3      | Reached XP level 6. HP: 38/38 MP: 5/8
  2240 | D:3      | Found an opulent altar of Gozag.
  2259 | D:3      | Became a worshipper of Gozag Ym Sagoz the Greedy
  2888 | D:4      | Noticed Edmund
  2925 | D:4      | Killed Edmund
  3018 | D:4      | Reached XP level 7. HP: 43/43 MP: 8/10
  3277 | D:4      | Noticed Eustachio
  3278 | D:4      | Noticed Pikel
  3320 | D:4      | Killed Pikel
  3320 | D:4      | Reached XP level 8. HP: 20/48 MP: 10/13
  3396 | D:4      | Killed Eustachio
  3396 | D:4      | Reached skill level 5 in Stealth
  3724 | D:5      | Entered Level 5 of the Dungeon
  3830 | D:5      | Reached skill level 5 in Fighting
  3830 | D:5      | Reached skill level 5 in Armour
  4038 | D:5      | Reached skill level 1 in Evocations
  4204 | D:5      | Noticed Natasha
  4234 | D:5      | Killed Natasha
  4329 | D:5      | Noticed Natasha
  4337 | D:5      | Killed Natasha
  4402 | D:5      | Noticed Blork the orc
  4413 | D:5      | Killed Blork the orc
  4466 | D:5      | Reached XP level 9. HP: 48/54 MP: 18/18
  4669 | D:5      | Reached skill level 6 in Stealth
  4745 | D:5      | Identified a scroll of acquirement
  4793 | D:6      | Reached skill level 5 in Shields
  4828 | D:6      | Noticed Ijyb
  4839 | D:6      | Killed Ijyb
  4899 | D:6      | Noticed Menkaure
  4904 | D:6      | Killed Menkaure
  4990 | D:6      | Noticed Grinder
  5012 | D:6      | Paralysed by Grinder for 7 turns
  5041 | D:6      | Paralysed by Grinder for 2 turns
  5045 | D:6      | Killed Grinder
  5552 | D:6      | Found a blossoming altar of Fedhas.
  5590 | D:6      | Reached skill level 7 in Stealth
  5955 | D:7      | Found a radiant altar of Vehumet.
  5955 | D:7      | Found an ancient bone altar of Kikubaaqudgha.
  6131 | D:7      | Found a staircase to the Ecumenical Temple.
  6159 | Temple   | Entered the Ecumenical Temple
  6244 | Temple   | Fell from the grace of Gozag
  6244 | Temple   | Became a worshipper of Ru the Awakened
  6380 | D:7      | Reached XP level 10. HP: 28/60 MP: 18/20
  6716 | D:3      | Fell from the grace of Ru
  6716 | D:3      | Became a worshipper of Gozag Ym Sagoz the Greedy
  6953 | D:7      | Found a shattered altar of Ashenzari.
  7966 | D:8      | Reached skill level 8 in Stealth
  7975 | D:8      | Reached skill level 5 in Maces & Flails
  8790 | D:8      | Got a dazzling storm dragon armour
  8802 | D:8      | Identified the cursed +0 storm dragon armour "Schoonag" {rElec rF+ Str-4 Slay+2} (You took it off an orc warrior on level 8 of the Dungeon)
  9208 | D:8      | Found an ancient bone altar of Kikubaaqudgha.
  9281 | D:8      | Reached skill level 9 in Stealth
  9285 | D:8      | Reached XP level 11. HP: 51/67 MP: 22/22
 10097 | D:9      | Reached skill level 5 in Spellcasting
 10153 | D:9      | Found a staircase to the Orcish Mines.
 10302 | D:9      | Found a sparkling altar of Nemelex Xobeh.
 10439 | D:9      | Reached skill level 5 in Throwing
 10517 | D:9      | Noticed a death yak
 10531 | D:9      | Killed a death yak
 10559 | D:9      | Found a staircase to the Lair.
 10943 | D:10     | Entered Level 10 of the Dungeon
 10959 | Lair:1   | Entered Level 1 of the Lair of Beasts
 11120 | Lair:1   | Noticed Erica
 11512 | Lair:1   | Reached skill level 10 in Stealth
 12314 | Lair:2   | Reached XP level 12. HP: 66/73 MP: 23/25
 12515 | Lair:2   | Found a labyrinth entrance.
 12527 | Lair:2   | Reached skill level 5 in Dodging
 12527 | Lair:2   | Reached skill level 5 in Evocations
 12563 | Lab      | Entered a labyrinth
 12881 | Lab      | Noticed a minotaur
 12899 | Lab      | Gained mutation: Your flesh is heat resistant. [potion of mutation]
 12903 | Lab      | Killed a minotaur
 12908 | Lab      | Got a scintillating granite ring
 12908 | Lab      | Identified the Incunabulum of the Jolly Suns
 12918 | Lab      | Got an ichor-stained battleaxe
 12918 | Lab      | Got a pitted leather armour
 12930 | Lab      | Got an ancient hunting sling
 12983 | Lair:2   | Identified the +3 leather armour "Ilehib" {rElec rF+} (You found it in a labyrinth)
 12986 | Lair:2   | Learned a level 2 spell: Call Imp
 12986 | Lair:2   | Identified the +7 hunting sling "Onor" {velocity, rPois} (You found it in a labyrinth)
 12994 | Lair:2   | Identified the cursed -1 battleaxe of Nightmares {venom, rC+ Int+2} (You found it in a labyrinth)
 13008 | Lair:2   | Identified the ring "Memimok" {+/*Tele MR++ Str-4} (You found it in a labyrinth)
 13366 | Lair:2   | Noticed a five-headed hydra
 13381 | Lair:2   | Killed a five-headed hydra
 13713 | Lair:2   | Got a warped scale mail
 13725 | Lair:2   | Identified the +6 scale mail "Wuseatse" {MR+} (You found it on level 2 of the Lair of Beasts)
 14083 | Lair:3   | Reached skill level 11 in Stealth
 14165 | Lair:3   | Noticed a seven-headed hydra
 14171 | Lair:3   | Reached skill level 1 in Summonings
 14187 | Lair:3   | Killed a nine-headed hydra
 14187 | Lair:3   | Reached skill level 1 in Bows
 14440 | Lair:3   | Learned a level 1 spell: Flame Tongue
 14934 | Lair:3   | Reached skill level 1 in Fire Magic
 14940 | Lair:3   | Reached skill level 1 in Axes
 15296 | Lair:4   | Reached skill level 1 in Conjurations
 15296 | Lair:4   | Reached XP level 13. HP: 79/79 MP: 27/27
 15414 | Lair:4   | Found a staircase to the Swamp.
 16428 | Swamp:1  | Entered Level 1 of the Swamp
 16857 | D:10     | Noticed Maurice
 16873 | D:10     | Killed Maurice
 17179 | D:10     | Found Noeczox's Food Shoppe.
 17200 | D:10     | Bought a bread ration for 50 gold pieces
 17200 | D:10     | Bought a meat ration for 50 gold pieces
 17345 | D:10     | Found Soorez's Gadget Boutique.
 17509 | D:11     | Gained mutation: Your muscles are strong. (Str +2) [potion of mutation]
 17509 | D:11     | Lost mutation: Your muscles are strong. (Str +2) [potion of mutation]
 17783 | D:11     | Learned a level 2 spell: Throw Flame
 17795 | D:11     | Noticed Sonja
 17813 | D:11     | Cast into the Abyss (Sonja)
 17930 | D:11     | Escaped the Abyss
 18007 | D:11     | Killed Sonja
 18210 | D:11     | Noticed Erolcha
 18214 | D:11     | Killed Erolcha
 18356 | D:11     | Found Kusosem's Antique Armour Emporium.
 18384 | D:11     | Bought a pair of runed gloves for 126 gold pieces
 18401 | D:11     | Bought a faintly humming chain mail for 266 gold pieces
 18420 | D:11     | Identified the +7 chain mail "Goecwox" {+Inv MP+9 Str-2 Slay+2 Stlth-} (You bought it in a shop on level 11 of the Dungeon)
 19964 | D:13     | Found Khamahen's Book Shop.
 20108 | D:13     | Got a sparkling marble ring
 20110 | D:13     | Identified the ring of Ereefeny {+Inv +Fly rF+ rN+} (You found it on level 13 of the Dungeon)
 20262 | D:13     | Gained mutation: Your wings are large and strong. [gargoyle growth]
 20262 | D:13     | Reached XP level 14. HP: 86/86 MP: 28/28
 20518 | D:13     | Noticed Harold
 20538 | D:13     | Killed Harold
 21273 | D:14     | Found Ydwuagaq's Book Shoppe.
 21297 | D:14     | Found Nuwohum's Antique Weapon Shoppe.
 21332 | D:14     | Bought a smoking morningstar for 306 gold pieces
 21338 | D:14     | Identified the +10 morningstar "Lorem Ipsum" {holy, MR++} (You bought it in a shop on level 14 of the Dungeon)
 21473 | D:14     | Found Loottez's Armour Shoppe.
 21490 | D:14     | Bought a +2 pair of boots of stealth for 387 gold pieces
 21596 | D:14     | Reached skill level 12 in Stealth
 21728 | D:14     | Found a gate to the Vaults.
 21747 | D:14     | Found Hiynlo's Weapon Shop.
 21956 | D:14     | Noticed Roxanne
 21987 | D:14     | Killed from afar by Roxanne

Action                   |  1- 3 |  4- 6 |  7- 9 | 10-12 | 13-15 || total
-------------------------+-------+-------+-------+-------+-------++-------
Melee: Flail             |   106 |   135 |   445 |   998 |   184 ||  1868
       Dagger            |       |   148 |       |       |       ||   148
       Whip              |       |       |    91 |       |       ||    91
       Battleaxe         |       |       |       |   247 |   377 ||   624
       Morningstar       |       |       |       |       |   176 ||   176
 Fire: Blowgun           |       |       |       |    61 |       ||    61
       Longbow           |       |       |       |    60 |   213 ||   273
Throw: Javelin           |       |    10 |     9 |    67 |       ||    86
       Tomahawk          |       |     1 |     2 |     5 |       ||     8
Invok: Call Merchant     |       |       |       |     1 |     2 ||     3
Evoke: Wand              |       |       |     4 |    11 |    32 ||    47
       Lamp of fire      |       |       |       |     1 |     1 ||     2
       Deck              |       |       |       |     1 |       ||     1
  Use: Scroll            |       |    11 |     5 |    14 |    16 ||    46
       Potion            |       |     7 |     7 |    12 |    13 ||    39
 Stab: Sleeping          |       |       |     1 |     5 |       ||     6
       Distracted        |       |       |     1 |     2 |     2 ||     5
       Invisible         |       |       |       |     2 |       ||     2
  Eat: Chunk             |       |     4 |       |       |       ||     4
       Fruit             |       |     4 |     5 |     8 |     4 ||    21
       Bread ration      |       |       |     1 |     1 |     1 ||     3
       Pizza             |       |       |     1 |     8 |       ||     9
       Meat ration       |       |       |     1 |       |     2 ||     3
       Beef jerky        |       |       |       |     4 |     2 ||     6
       Royal jelly       |       |       |       |     2 |     1 ||     3
